Bears vs Rockets
Created - February 2, 2025 at 21:16
Goals
|
| Bears |
1 |
3 |
1 |
5 |
| Rockets |
1 |
0 |
2 |
3 |
|
Shots
|
| Bears |
9 |
16 |
16 |
41 |
| Rockets |
14 |
4 |
9 |
27 |
|
1st period
1. Rockets , Michael McLeod 23 (Nick Suzuki 28, Brady Tkachuk 16) at 8:54
2. Bears , Colby Cave 4 (Vincent Dunn 8, Blake Speers 2) at 15:36
Penalties :
No Penalty
2nd period
3. Bears , Mikko Vainonen 3 (Tanner Laczynski 20) at 2:33 (PP)
4. Bears , Colby Cave 5 (Vincent Dunn 9, Tommy Vannelli 14) at 5:07
5. Bears , Kevin Rooney 14 (Cole Smith 11) at 14:14
Penalties :
Kirill Marchenko (Lav) for Holding (Minor) at 1:53
3rd period
6. Rockets , Tage Thompson 6 (Kirby Dach 5, Kevin Fiala 26) at 14:51
7. Bears , Sam Carrick 15 (Kerby Rychel 34, Jerry D'Amigo 18) at 18:10
8. Rockets , Patrik Laine 14 (Matias Maccelli 18, Jake Evans 28) at 18:22
Penalties :
Kevin Fiala (Lav) for High sticking (Minor) at 7:56
Goalie Stats
Garret Sparks (Her), 24 saves from 27 shots - (0.889), W, 16-15-2, 60:00 minutes
Ivan Fedotov (Lav), 36 saves from 41 shots - (0.878), L, 20-15-4, 60:00 minutes
Players Stats for Bears
Player Name G A P +/- PIM S H SB GA TA FO MP PP MP PK MP
------------------------------------------------------------------------------------
Blake Speers 0 1 1 2 0 2 1 0 0 0 0/0 8:36 0:00 0:00
Colby Cave 2 0 2 2 0 3 0 0 0 0 0/0 8:22 0:00 0:00
Cole Smith 0 1 1 -1 0 0 4 0 0 0 0/1 16:32 0:58 0:00
Emil Johansson 0 0 0 2 0 1 0 1 0 1 0/0 14:10 0:00 0:00
Gianluca Curcuruto 0 0 0 -1 0 1 4 0 0 0 0/0 19:14 1:03 0:00
Isaac Ratcliffe 0 0 0 0 0 2 0 0 0 0 1/1 13:39 0:03 0:00
Jerry D'Amigo 0 1 1 0 0 4 0 1 1 0 0/0 20:26 0:03 0:00
Kerby Rychel 0 1 1 0 0 6 3 1 0 1 2/3 21:27 1:38 0:00
Kevin Rooney 1 0 1 0 0 4 0 0 1 0 5/6 13:00 0:00 0:00
Mason Appleton 0 0 0 -1 0 4 1 0 1 1 0/1 17:40 1:38 0:00
Michael Prapavessis 0 0 0 0 0 0 3 1 0 0 0/0 22:40 1:03 0:00
Mikko Vainonen 1 0 1 -1 0 2 2 1 0 0 0/0 23:10 1:36 0:00
Nicholas Caamano 0 0 0 0 0 2 0 1 0 0 0/0 13:32 0:58 0:00
Ryan Graves 0 0 0 2 0 1 0 1 0 0 0/0 14:10 0:00 0:00
Sam Carrick 1 0 1 0 0 5 0 0 1 1 25/36 21:27 1:38 0:00
Tanner Laczynski 0 1 1 -1 0 3 1 0 2 0 8/18 16:57 1:01 0:00
Tommy Vannelli 0 1 1 0 0 0 0 0 1 0 0/0 26:36 1:36 0:00
Vincent Dunn 0 2 2 2 0 1 1 1 0 0 1/1 8:22 0:00 0:00
Players Stats for Rockets
Player Name G A P +/- PIM S H SB GA TA FO MP PP MP PK MP
------------------------------------------------------------------------------------
Alex Newhook 0 0 0 -1 0 1 4 0 0 0 0/0 13:23 0:00 0:55
Alexander Romanov 0 0 0 0 0 0 3 2 0 0 0/0 23:20 0:00 1:54
Arber Xhekaj 0 0 0 1 0 1 0 1 0 0 0/0 12:05 0:00 0:00
Brady Tkachuk 0 1 1 -2 0 3 0 2 0 0 0/1 20:34 0:00 0:37
Cole Caufield 0 0 0 -1 0 0 1 0 0 0 0/2 12:13 0:00 0:00
Jacob Bryson 0 0 0 0 0 2 1 1 0 2 0/0 21:44 0:00 0:45
Jake Evans 0 1 1 1 0 2 3 0 0 1 9/21 16:10 0:00 0:29
Jayden Struble 0 0 0 1 0 0 1 0 0 0 0/0 12:05 0:00 0:00
Kevin Fiala 0 1 1 -1 2 3 1 1 0 1 2/10 13:15 0:00 0:40
Kirby Dach 0 1 1 1 0 0 0 0 0 0 2/4 9:29 0:00 0:00
Kirill Marchenko 0 0 0 1 2 1 0 0 0 1 0/1 9:28 0:00 0:00
Logan Stanley 0 0 0 -2 0 0 2 0 0 2 0/0 26:11 0:00 1:54
Matias Maccelli 0 1 1 1 0 1 1 0 0 0 1/1 15:27 0:00 0:00
Michael McLeod 1 0 1 -2 0 5 3 3 1 0 3/6 21:37 0:00 1:39
Moritz Seider 0 0 0 -2 0 0 1 2 2 0 0/0 24:34 0:00 0:45
Nick Suzuki 0 1 1 -2 0 3 4 1 0 0 8/21 20:47 0:00 0:58
Patrik Laine 1 0 1 1 0 3 2 1 1 0 0/0 15:27 0:00 0:00
Tage Thompson 1 0 1 1 0 2 0 0 0 0 0/0 9:29 0:00 0:00
3 Stars
1 - Colby Cave (Her)
2 - Vincent Dunn (Her)
3 - Patrik Laine (Lav)
Power Play
Bears - 1 on 3 Attempt(s) - 33.33%
Rockets - 0 on 0 Attempt(s) - 0.00%
Penalty Kill
Bears - 0 on 0 Attempt(s) - 0.00%
- Score 0 goal in Penalty Kill
Rockets - 2 on 3 Attempt(s) - 66.67%
- Score 0 goal in Penalty Kill
Team Stat
Bears - Hits : 20 - Faceoff Wins : 42 - Blocked Shots : 8 - Penalty Minutes : 0
Rockets - Hits : 27 - Faceoff Wins : 25 - Blocked Shots : 14 - Penalty Minutes : 4
Official
Referees : Ghislain Hebert and Garrett Rank
Linesman : Matt MacPherson and Trent Knorr
Game Notes
13:32 of 3rd period - Penalty Shot by Alexander Romanov for Rockets - Shot Misses the Net
Finance
Level 1 -- Attendance: 1755 (87.75%) -- Ticket Income $122,850
Level 2 -- Attendance: 907 (90.70%) -- Ticket Income $36,280
Total Attendance: 2662 (88.73%)
Total Ticket Income: $159,130
Other Income: $7,956
Total Income: $167,086
Bears
5 vs 5 Forward
Center Left Wing Right Wing Time % Phy DF OF
1 Sam Carrick Kerby Rychel Jerry D'Amigo 40 0 1 4
2 Tanner Laczynski Cole Smith Mason Appleton 30 0 2 3
3 Kevin Rooney Isaac Ratcliffe Nicholas Caamano 20 0 2 3
4 Vincent Dunn Blake Speers Colby Cave 10 0 2 3
5 vs 5 Defense
Defense Defense Time % Phy DF OF
1 Tommy Vannelli Mikko Vainonen 40 0 3 2
2 Gianluca Curcuruto Michael Prapavessis 30 0 3 2
3 Ryan Graves Emil Johansson 20 0 3 2
4 Tommy Vannelli Michael Prapavessis 10 0 3 2
PowerPlay Forward
Center Left Wing Right Wing Time % Phy DF OF
1 Sam Carrick Kerby Rychel Mason Appleton 60 0 1 4
2 Tanner Laczynski Cole Smith Nicholas Caamano 40 0 1 4
PowerPlay Defense
Defense Defense Time % Phy DF OF
1 Tommy Vannelli Mikko Vainonen 60 0 1 4
2 Gianluca Curcuruto Michael Prapavessis 40 0 2 3
Penalty Kill 4 Players Forward
Center Wing Time % Phy DF OF
1 Kerby Rychel Sam Carrick 60 0 4 1
2 Kevin Rooney Tanner Laczynski 40 0 4 1
Penalty Kill 4 Players Defense
Defense Defense Time % Phy DF OF
1 Tommy Vannelli Mikko Vainonen 60 0 4 1
2 Gianluca Curcuruto Michael Prapavessis 40 0 4 1
Penalty Kill - 3 Players Forward
Forward Time % Phy DF OF
1 Kerby Rychel 60 0 5 0
2 Sam Carrick 40 0 5 0
Penalty Kill - 3 Players Defense
Defense Defense Time % Phy DF OF
1 Tommy Vannelli Mikko Vainonen 60 0 5 0
2 Gianluca Curcuruto Michael Prapavessis 40 0 5 0
4 vs 4 Forward
Center Wing Time % Phy DF OF
1 Kerby Rychel Sam Carrick 60 0 2 3
2 Kevin Rooney Tanner Laczynski 40 0 2 3
4 vs 4 Defense
Defense Defense Time % Phy DF OF
1 Tommy Vannelli Mikko Vainonen 60 0 3 2
2 Gianluca Curcuruto Michael Prapavessis 40 0 3 2
Last Minutes Offensive
Center Left Wing Right Wing Defense Defense
Sam Carrick Kerby Rychel Mason Appleton Tommy Vannelli Michael Prapavessis
Last Minutes Defensive
Center Left Wing Right Wing Defense Defense
Sam Carrick Kerby Rychel Mason Appleton Tommy Vannelli Michael Prapavessis
Goaltenders
Starting : Garret Sparks
Backup : Artyom Zagidulin
Extra Forwards
Normal : Kerby Rychel, Tanner Laczynski, Sam Carrick - PP : Kerby Rychel, Sam Carrick - PK : Kerby Rychel
Extra Defensemen
Normal : Tommy Vannelli, Mikko Vainonen, Gianluca Curcuruto - PP : Tommy Vannelli - PK : Tommy Vannelli, Mikko Vainonen
Penalty Shots
Kerby Rychel, Sam Carrick, Tanner Laczynski, Mason Appleton, Kevin Rooney
Custom OT Lines Forwards
Kerby Rychel, Sam Carrick, Tanner Laczynski, Kevin Rooney, Mason Appleton, Cole Smith, Vincent Dunn, Nicholas Caamano, Colby Cave, Blake Speers
Custom OT Lines Defensemen
Tommy Vannelli, Michael Prapavessis, Gianluca Curcuruto, Emil Johansson, Ryan Graves
Scratches
Jesper Pettersson (Healthy), David Farrance (Healthy), Mackenze Stewart (Healthy), Zack Hayes (Healthy), Mario Ferraro (Healthy)
Will Reilly (Healthy), Kristians Rubins (Healthy), Jakob Stenqvist (Healthy), Tim Gettinger (Healthy), Arvid Henrikson (Healthy)
Kirill Maksimov (Healthy), Jeremy Michel (Healthy)
Rockets
5 vs 5 Forward
Center Left Wing Right Wing Time % Phy DF OF
1 Nick Suzuki Brady Tkachuk Michael McLeod 35 0 2 3
2 Jake Evans Matias Maccelli Patrik Laine 30 0 2 3
3 Kevin Fiala Alex Newhook Cole Caufield 20 1 2 2
4 Kirby Dach Kirill Marchenko Tage Thompson 15 0 3 2
5 vs 5 Defense
Defense Defense Time % Phy DF OF
1 Logan Stanley Moritz Seider 45 1 2 2
2 Alexander Romanov Jacob Bryson 40 1 2 2
3 Arber Xhekaj Jayden Struble 15 1 2 2
4 Arber Xhekaj Jayden Struble 0 1 2 2
PowerPlay Forward
Center Left Wing Right Wing Time % Phy DF OF
1 Nick Suzuki Brady Tkachuk Patrik Laine 60 1 2 2
2 Kevin Fiala Matias Maccelli Cole Caufield 40 1 2 2
PowerPlay Defense
Defense Defense Time % Phy DF OF
1 Moritz Seider Michael McLeod 60 1 2 2
2 Alex Newhook Logan Stanley 40 1 2 2
Penalty Kill 4 Players Forward
Center Wing Time % Phy DF OF
1 Michael McLeod Kevin Fiala 60 1 2 2
2 Jake Evans Tage Thompson 40 1 2 2
Penalty Kill 4 Players Defense
Defense Defense Time % Phy DF OF
1 Logan Stanley Alexander Romanov 60 1 2 2
2 Jacob Bryson Moritz Seider 40 1 2 2
Penalty Kill - 3 Players Forward
Forward Time % Phy DF OF
1 Kevin Fiala 60 1 2 2
2 Michael McLeod 40 1 2 2
Penalty Kill - 3 Players Defense
Defense Defense Time % Phy DF OF
1 Alexander Romanov Logan Stanley 60 1 2 2
2 Jacob Bryson Moritz Seider 40 1 2 2
4 vs 4 Forward
Center Wing Time % Phy DF OF
1 Michael McLeod Brady Tkachuk 60 1 2 2
2 Nick Suzuki Patrik Laine 40 1 2 2
4 vs 4 Defense
Defense Defense Time % Phy DF OF
1 Logan Stanley Moritz Seider 60 1 2 2
2 Alexander Romanov Jacob Bryson 40 1 2 2
Last Minutes Offensive
Center Left Wing Right Wing Defense Defense
Nick Suzuki Brady Tkachuk Patrik Laine Michael McLeod Moritz Seider
Last Minutes Defensive
Center Left Wing Right Wing Defense Defense
Michael McLeod Brady Tkachuk Tage Thompson Logan Stanley Alexander Romanov
Goaltenders
Starting : Ivan Fedotov
Backup : Pyotr Kochetkov
Extra Forwards
Normal : Kirill Marchenko, Tage Thompson, Kirby Dach - PP : Jake Evans, Kirill Marchenko - PK : Nick Suzuki
Extra Defensemen
Normal : Moritz Seider, Arber Xhekaj, Jayden Struble - PP : Moritz Seider - PK : Arber Xhekaj, Jayden Struble
Penalty Shots
Nick Suzuki, Michael McLeod, Cole Caufield, Patrik Laine, Kirill Marchenko
Custom OT Lines Forwards
Brady Tkachuk, Michael McLeod, Nick Suzuki, Patrik Laine, Kevin Fiala, Jake Evans, Matias Maccelli, Alex Newhook, Tage Thompson, Cole Caufield
Custom OT Lines Defensemen
Logan Stanley, Jacob Bryson, Alexander Romanov, Moritz Seider, Arber Xhekaj
Scratches
Eric Karlsson (Healthy), Grant Besse (Healthy), Jeff Corbett (Healthy), Hunter Drew (Healthy), Zach Stepan (Healthy)
Julien Gauthier (Healthy), Michael Pezzetta (Healthy), Joel Teasdale (Healthy), Zachary Gallant (Healthy), Ville Heinola (Healthy)
Ivan Prosvetov (Healthy), Joey Daccord (Healthy)
% Time on Ice - Bears
Lines # - Real PCT - Wanted PCT - Time Play
Normal Forward
1 - 35% - 40% - 20:17
2 - 27% - 30% - 15:42
3 - 23% - 20% - 13:00
4 - 15% - 10% - 8:22
Normal Defense
1 - 38% - 40% - 21:34
2 - 32% - 30% - 18:11
3 - 25% - 20% - 14:10
4 - 6% - 10% - 3:26
PP Forward
1 - 62% - 60% - 1:38
2 - 38% - 40% - 1:01
PP Defense
1 - 60% - 60% - 1:36
2 - 40% - 40% - 1:03
PK Forward
1 - 0% - 60%
2 - 0% - 40%
PK Defense
1 - 0% - 60%
2 - 0% - 40%
PK3 Forward
1 - 0% - 60%
2 - 0% - 40%
PK3 Defense
1 - 0% - 60%
2 - 0% - 40%
44 Forward
1 - 0% - 60%
2 - 0% - 40%
44 Defense
1 - 0% - 60%
2 - 0% - 40%
Last Minute Offensive - 0:00
Last Minute Defensive - 0:00
Total
Forward - 60:00
Defense - 60:00
|
% Time on Ice - Rockets
Lines # - Real PCT - Wanted PCT - Time Play
Normal Forward
1 - 36% - 35% - 20:33
2 - 27% - 30% - 15:27
3 - 21% - 20% - 12:13
4 - 16% - 15% - 9:08
Normal Defense
1 - 42% - 45% - 24:17
2 - 37% - 40% - 20:59
3 - 18% - 15% - 10:35
4 - 3% - 0% - 1:30
PP Forward
1 - 0% - 60%
2 - 0% - 40%
PP Defense
1 - 0% - 60%
2 - 0% - 40%
PK Forward
1 - 100% - 60% - 2:39
2 - 0% - 40% - 0:00
PK Defense
1 - 72% - 60% - 1:54
2 - 28% - 40% - 0:45
PK3 Forward
1 - 0% - 60%
2 - 0% - 40%
PK3 Defense
1 - 0% - 60%
2 - 0% - 40%
44 Forward
1 - 0% - 60%
2 - 0% - 40%
44 Defense
1 - 0% - 60%
2 - 0% - 40%
Last Minute Offensive - 0:00
Last Minute Defensive - 0:00
Total
Forward - 60:00
Defense - 60:00
|
Play-by-Play
1st period
0:01 of 1st period - Nick Suzuki wins face-off versus Sam Carrick in neutral zone.
0:08 of 1st period - Snap shot by Michael McLeod.
0:08 of 1st period - Stopped by Garret Sparks with a rebound.
0:35 of 1st period - Off-side.
0:36 of 1st period - Kevin Rooney wins face-off versus Kevin Fiala in neutral zone.
0:51 of 1st period - Wrist shot by Kevin Rooney.
0:51 of 1st period - Stopped by Ivan Fedotov with a rebound.
0:57 of 1st period - Kevin Rooney is hit by Alexander Romanov and loses puck.
1:10 of 1st period - Wrist shot by Patrik Laine.
1:10 of 1st period - Shot Blocked by Nicholas Caamano.
1:12 of 1st period - Snap shot by Alexander Romanov.
1:12 of 1st period - Shot Misses the Net.
1:37 of 1st period - Off-side.
1:38 of 1st period - Nick Suzuki wins face-off versus Tanner Laczynski in neutral zone.
1:41 of 1st period - Cole Smith is hit by Nick Suzuki and loses puck.
1:54 of 1st period - Snap shot by Mason Appleton.
1:54 of 1st period - Shot Blocked by Arber Xhekaj.
2:32 of 1st period - Ryan Graves is hit by Moritz Seider and loses puck.
2:37 of 1st period - Slapshot by Kevin Fiala.
2:37 of 1st period - Shot Misses the Net.
2:55 of 1st period - Slapshot by Tanner Laczynski.
2:55 of 1st period - Shot Misses the Net.
3:07 of 1st period - Nick Suzuki is hit by Kerby Rychel and loses puck.
3:16 of 1st period - Slapshot by Nick Suzuki.
3:16 of 1st period - Stopped by Garret Sparks without a rebound.
3:17 of 1st period - Vincent Dunn wins face-off versus Kirill Marchenko in Bears zone.
3:27 of 1st period - Tage Thompson is hit by Mikko Vainonen and loses puck.
3:49 of 1st period - Snap shot by Nick Suzuki.
3:49 of 1st period - Stopped by Garret Sparks with a rebound.
3:51 of 1st period - Slapshot by Alexander Romanov.
3:51 of 1st period - Shot Blocked by Jerry D'Amigo.
3:53 of 1st period - Wrist shot by Alexander Romanov.
3:53 of 1st period - Deflect By Michael McLeod.
3:53 of 1st period - Shot Misses the Net.
3:53 of 1st period - Puck is out of play.
3:54 of 1st period - Tanner Laczynski wins face-off versus Jake Evans in Bears zone.
4:30 of 1st period - Wrist shot by Jake Evans.
4:30 of 1st period - Shot Blocked by Michael Prapavessis.
4:48 of 1st period - Logan Stanley is hit by Blake Speers and loses puck.
4:59 of 1st period - Snap shot by Colby Cave.
4:59 of 1st period - Stopped by Ivan Fedotov with a rebound.
5:48 of 1st period - Michael McLeod is hit by Cole Smith and loses puck.
5:59 of 1st period - Wrist shot by Michael McLeod.
5:59 of 1st period - Stopped by Garret Sparks with a rebound.
6:01 of 1st period - Wrist shot by Brady Tkachuk.
6:01 of 1st period - Stopped by Garret Sparks with a rebound.
6:03 of 1st period - Snap shot by Michael McLeod.
6:03 of 1st period - Deflect By Brady Tkachuk.
6:03 of 1st period - Stopped by Garret Sparks without a rebound.
6:04 of 1st period - Kevin Fiala wins face-off versus Sam Carrick in Bears zone.
6:05 of 1st period - Snap shot by Alex Newhook.
6:05 of 1st period - Shot Misses the Net.
6:38 of 1st period - Wrist shot by Tage Thompson.
6:38 of 1st period - Stopped by Garret Sparks without a rebound.
6:39 of 1st period - Sam Carrick wins face-off versus Kevin Fiala in Bears zone.
6:47 of 1st period - Off-side.
6:48 of 1st period - Sam Carrick wins face-off versus Cole Caufield in neutral zone.
7:15 of 1st period - Jerry D'Amigo is hit by Alex Newhook.
7:43 of 1st period - Kerby Rychel is hit by Logan Stanley and loses puck.
7:50 of 1st period - Snap shot by Cole Caufield.
7:50 of 1st period - Shot Misses the Net.
7:52 of 1st period - Slapshot by Arber Xhekaj.
7:52 of 1st period - Deflect By Sam Carrick.
7:52 of 1st period - Stopped by Garret Sparks with a rebound.
7:54 of 1st period - Slapshot by Kevin Fiala.
7:54 of 1st period - Stopped by Garret Sparks without a rebound.
7:55 of 1st period - Tanner Laczynski wins face-off versus Nick Suzuki in Bears zone.
8:04 of 1st period - Slapshot by Nick Suzuki.
8:04 of 1st period - Shot Misses the Net.
8:38 of 1st period - Icing by Michael Prapavessis.
8:39 of 1st period - Jake Evans wins face-off versus Kevin Rooney in Bears zone.
8:52 of 1st period - Wrist shot by Nick Suzuki.
8:52 of 1st period - Shot Misses the Net.
8:54 of 1st period - Wrist shot by Michael McLeod.
8:54 of 1st period - Goal by Michael McLeod - Bears : 0 - Rockets : 1.
8:55 of 1st period - Tanner Laczynski wins face-off versus Jake Evans in neutral zone.
8:58 of 1st period - Jake Evans is hit by Mason Appleton.
9:47 of 1st period - Michael Prapavessis is hit by Logan Stanley.
9:59 of 1st period - Snap shot by Tage Thompson.
9:59 of 1st period - Shot Misses the Net.
10:35 of 1st period - Snap shot by Cole Caufield.
10:35 of 1st period - Shot Blocked by Emil Johansson.
10:37 of 1st period - Snap shot by Patrik Laine.
10:37 of 1st period - Shot Misses the Net.
10:39 of 1st period - Wrist shot by Jake Evans.
10:39 of 1st period - Shot Misses the Net.
10:43 of 1st period - Wrist shot by Patrik Laine.
10:43 of 1st period - Stopped by Garret Sparks without a rebound.
10:44 of 1st period - Sam Carrick wins face-off versus Nick Suzuki in Bears zone.
10:56 of 1st period - Snap shot by Jerry D'Amigo.
10:56 of 1st period - Shot Misses the Net.
11:00 of 1st period - Snap shot by Kerby Rychel.
11:00 of 1st period - Shot Blocked by Alexander Romanov.
11:21 of 1st period - Slapshot by Patrik Laine.
11:21 of 1st period - Stopped by Garret Sparks with a rebound.
11:53 of 1st period - Wrist shot by Kevin Rooney.
11:53 of 1st period - Shot Misses the Net.
11:57 of 1st period - Wrist shot by Kevin Rooney.
11:57 of 1st period - Stopped by Ivan Fedotov without a rebound.
11:58 of 1st period - Kevin Rooney wins face-off versus Nick Suzuki in Rockets zone.
12:07 of 1st period - Snap shot by Nicholas Caamano.
12:07 of 1st period - Stopped by Ivan Fedotov with a rebound.
12:09 of 1st period - Snap shot by Kevin Rooney.
12:09 of 1st period - Deflect By Nicholas Caamano.
12:09 of 1st period - Shot Blocked by Brady Tkachuk.
12:09 of 1st period - Puck is out of play.
12:10 of 1st period - Sam Carrick wins face-off versus Nick Suzuki in Rockets zone.
12:11 of 1st period - Wrist shot by Jerry D'Amigo.
12:11 of 1st period - Stopped by Ivan Fedotov with a rebound.
12:15 of 1st period - Slapshot by Kerby Rychel.
12:15 of 1st period - Shot Misses the Net.
12:23 of 1st period - Snap shot by Kerby Rychel.
12:23 of 1st period - Stopped by Ivan Fedotov without a rebound.
12:24 of 1st period - Tanner Laczynski wins face-off versus Jake Evans in Rockets zone.
12:29 of 1st period - Snap shot by Mason Appleton.
12:29 of 1st period - Shot Misses the Net.
12:31 of 1st period - Wrist shot by Mason Appleton.
12:31 of 1st period - Stopped by Ivan Fedotov without a rebound.
12:32 of 1st period - Jake Evans wins face-off versus Cole Smith in Rockets zone.
12:39 of 1st period - Wrist shot by Patrik Laine.
12:39 of 1st period - Shot Blocked by Mikko Vainonen.
12:44 of 1st period - Off-side.
12:45 of 1st period - Michael McLeod wins face-off versus Sam Carrick in neutral zone.
13:23 of 1st period - Wrist shot by Jake Evans.
13:23 of 1st period - Shot Blocked by Vincent Dunn.
13:42 of 1st period - Snap shot by Kevin Rooney.
13:42 of 1st period - Shot Misses the Net.
13:44 of 1st period - Wrist shot by Kevin Rooney.
13:44 of 1st period - Shot Misses the Net.
13:56 of 1st period - Snap shot by Blake Speers.
13:56 of 1st period - Stopped by Ivan Fedotov with a rebound.
15:36 of 1st period - Wrist shot by Colby Cave.
15:36 of 1st period - Goal by Colby Cave - Bears : 1 - Rockets : 1.
15:37 of 1st period - Kerby Rychel wins face-off versus Nick Suzuki in neutral zone.
16:53 of 1st period - Backhand shot by Kevin Fiala.
16:53 of 1st period - Stopped by Garret Sparks without a rebound.
16:54 of 1st period - Kerby Rychel wins face-off versus Nick Suzuki in Bears zone.
17:19 of 1st period - Michael Prapavessis is hit by Patrik Laine.
17:39 of 1st period - Slapshot by Jacob Bryson.
17:39 of 1st period - Stopped by Garret Sparks without a rebound.
17:40 of 1st period - Sam Carrick wins face-off versus Kirby Dach in Bears zone.
18:06 of 1st period - Mikko Vainonen is hit by Nick Suzuki and loses puck.
18:41 of 1st period - Snap shot by Mason Appleton.
18:41 of 1st period - Shot Blocked by Patrik Laine.
18:43 of 1st period - Slapshot by Tommy Vannelli.
18:43 of 1st period - Deflect By Tanner Laczynski.
18:43 of 1st period - Shot Blocked by Alexander Romanov.
18:43 of 1st period - Puck is out of play.
18:44 of 1st period - Sam Carrick wins face-off versus Kevin Fiala in Rockets zone.
Goals for this period are 1 for Bears vs 1 for Rockets.
Shots for this period are 9 for Bears vs 14 for Rockets.
2nd period
0:01 of 2nd period - Sam Carrick wins face-off versus Nick Suzuki in neutral zone.
0:14 of 2nd period - Slapshot by Michael McLeod.
0:14 of 2nd period - Shot Misses the Net.
0:41 of 2nd period - Snap shot by Patrik Laine.
0:41 of 2nd period - Deflect By Jake Evans.
0:41 of 2nd period - Shot Misses the Net.
0:41 of 2nd period - Puck is out of play.
0:42 of 2nd period - Tanner Laczynski wins face-off versus Kevin Fiala in Bears zone.
1:48 of 2nd period - Slapshot by Mason Appleton.
1:48 of 2nd period - Stopped by Ivan Fedotov with a rebound.
1:50 of 2nd period - Slapshot by Gianluca Curcuruto.
1:50 of 2nd period - Stopped by Ivan Fedotov without a rebound.
1:51 of 2nd period - Kirby Dach wins face-off versus Tanner Laczynski in Rockets zone.
1:53 of 2nd period - Minor Penalty to Kirill Marchenko for Holding.
1:54 of 2nd period - Sam Carrick wins face-off versus Michael McLeod in Rockets zone.
1:58 of 2nd period - Wrist shot by Kerby Rychel.
1:58 of 2nd period - Shot Misses the Net.
2:00 of 2nd period - Slapshot by Mikko Vainonen.
2:00 of 2nd period - Stopped by Ivan Fedotov without a rebound.
2:01 of 2nd period - Michael McLeod wins face-off versus Mason Appleton in Rockets zone.
2:01 of 2nd period - Michael McLeod is hit by Kerby Rychel.
2:08 of 2nd period - Icing by Tommy Vannelli.
2:09 of 2nd period - Michael McLeod wins face-off versus Sam Carrick in Bears zone.
2:14 of 2nd period - Slapshot by Kevin Fiala.
2:14 of 2nd period - Stopped by Garret Sparks with a rebound.
2:29 of 2nd period - Off-side.
2:30 of 2nd period - Tanner Laczynski wins face-off versus Michael McLeod in neutral zone.
2:33 of 2nd period - Slapshot by Mikko Vainonen.
2:33 of 2nd period - Goal by Mikko Vainonen - Bears : 2 - Rockets : 1.
2:34 of 2nd period - Sam Carrick wins face-off versus Nick Suzuki in neutral zone.
2:59 of 2nd period - Alexander Romanov is hit by Tanner Laczynski and loses puck.
3:30 of 2nd period - Snap shot by Nicholas Caamano.
3:30 of 2nd period - Stopped by Ivan Fedotov without a rebound.
3:31 of 2nd period - Nick Suzuki wins face-off versus Sam Carrick in Rockets zone.
3:43 of 2nd period - Slapshot by Jerry D'Amigo.
3:43 of 2nd period - Stopped by Ivan Fedotov without a rebound.
3:44 of 2nd period - Nick Suzuki wins face-off versus Sam Carrick in Rockets zone.
3:53 of 2nd period - Wrist shot by Jerry D'Amigo.
3:53 of 2nd period - Shot Blocked by Brady Tkachuk.
3:55 of 2nd period - Snap shot by Mikko Vainonen.
3:55 of 2nd period - Deflect By Jerry D'Amigo.
3:55 of 2nd period - Stopped by Ivan Fedotov with a rebound.
3:57 of 2nd period - Wrist shot by Sam Carrick.
3:57 of 2nd period - Shot Blocked by Michael McLeod.
3:59 of 2nd period - Wrist shot by Kerby Rychel.
3:59 of 2nd period - Stopped by Ivan Fedotov with a rebound.
4:09 of 2nd period - Brady Tkachuk is hit by Vincent Dunn and loses puck.
4:45 of 2nd period - Wrist shot by Blake Speers.
4:45 of 2nd period - Deflect By Michael McLeod.
4:45 of 2nd period - Stopped by Ivan Fedotov with a rebound.
4:47 of 2nd period - Slapshot by Tommy Vannelli.
4:47 of 2nd period - Shot Blocked by Michael McLeod.
4:51 of 2nd period - Snap shot by Vincent Dunn.
4:51 of 2nd period - Shot Blocked by Michael McLeod.
4:53 of 2nd period - Slapshot by Tommy Vannelli.
4:53 of 2nd period - Shot Blocked by Moritz Seider.
5:05 of 2nd period - Wrist shot by Vincent Dunn.
5:05 of 2nd period - Stopped by Ivan Fedotov with a rebound.
5:07 of 2nd period - Snap shot by Colby Cave.
5:07 of 2nd period - Goal by Colby Cave - Bears : 3 - Rockets : 1.
5:08 of 2nd period - Sam Carrick wins face-off versus Jake Evans in neutral zone.
5:18 of 2nd period - Kerby Rychel is hit by Jake Evans.
6:35 of 2nd period - Emil Johansson is hit by Alex Newhook and loses puck.
7:51 of 2nd period - Nick Suzuki is hit by Cole Smith.
8:17 of 2nd period - Jacob Bryson is hit by Michael Prapavessis.
8:35 of 2nd period - Gianluca Curcuruto is hit by Jacob Bryson and loses puck.
9:03 of 2nd period - Icing by Tanner Laczynski.
9:04 of 2nd period - Sam Carrick wins face-off versus Kevin Fiala in Bears zone.
9:06 of 2nd period - Icing by Kerby Rychel.
9:07 of 2nd period - Kevin Fiala wins face-off versus Sam Carrick in Bears zone.
9:22 of 2nd period - Off-side.
9:23 of 2nd period - Kevin Rooney wins face-off versus Jake Evans in neutral zone.
9:48 of 2nd period - Kerby Rychel is hit by Michael McLeod and loses puck.
10:54 of 2nd period - Icing by Patrik Laine.
10:55 of 2nd period - Sam Carrick wins face-off versus Jake Evans in Rockets zone.
10:58 of 2nd period - Wrist shot by Sam Carrick.
10:58 of 2nd period - Stopped by Ivan Fedotov without a rebound.
10:59 of 2nd period - Nick Suzuki wins face-off versus Sam Carrick in Rockets zone.
11:04 of 2nd period - Slapshot by Jacob Bryson.
11:04 of 2nd period - Stopped by Garret Sparks with a rebound.
11:06 of 2nd period - Snap shot by Michael McLeod.
11:06 of 2nd period - Stopped by Garret Sparks without a rebound.
11:07 of 2nd period - Sam Carrick wins face-off versus Nick Suzuki in Bears zone.
11:32 of 2nd period - Tommy Vannelli is hit by Cole Caufield and loses puck.
11:43 of 2nd period - Snap shot by Jerry D'Amigo.
11:43 of 2nd period - Deflect By Sam Carrick.
11:43 of 2nd period - Stopped by Ivan Fedotov without a rebound.
11:44 of 2nd period - Tanner Laczynski wins face-off versus Jake Evans in Rockets zone.
12:18 of 2nd period - Brady Tkachuk is hit by Gianluca Curcuruto and loses puck.
13:04 of 2nd period - Slapshot by Kerby Rychel.
13:04 of 2nd period - Stopped by Ivan Fedotov with a rebound.
13:46 of 2nd period - Off-side.
13:47 of 2nd period - Sam Carrick wins face-off versus Nick Suzuki in neutral zone.
14:00 of 2nd period - Snap shot by Sam Carrick.
14:00 of 2nd period - Shot Misses the Net.
14:02 of 2nd period - Slapshot by Ryan Graves.
14:02 of 2nd period - Deflect By Michael McLeod.
14:02 of 2nd period - Stopped by Ivan Fedotov with a rebound.
14:12 of 2nd period - Slapshot by Kevin Rooney.
14:12 of 2nd period - Shot Misses the Net.
14:14 of 2nd period - Snap shot by Kevin Rooney.
14:14 of 2nd period - Goal by Kevin Rooney - Bears : 4 - Rockets : 1.
14:15 of 2nd period - Sam Carrick wins face-off versus Nick Suzuki in neutral zone.
14:29 of 2nd period - Off-side.
14:30 of 2nd period - Matias Maccelli wins face-off versus Tanner Laczynski in neutral zone.
14:55 of 2nd period - Tommy Vannelli is hit by Michael McLeod and loses puck.
15:02 of 2nd period - Moritz Seider is hit by Michael Prapavessis and loses puck.
15:44 of 2nd period - Slapshot by Moritz Seider.
15:44 of 2nd period - Shot Blocked by Ryan Graves.
16:45 of 2nd period - Nicholas Caamano is hit by Nick Suzuki and loses puck.
18:11 of 2nd period - Off-side.
18:12 of 2nd period - Kevin Rooney wins face-off versus Jake Evans in neutral zone.
18:25 of 2nd period - Nicholas Caamano is hit by Jake Evans.
18:36 of 2nd period - Snap shot by Kevin Rooney.
18:36 of 2nd period - Shot Misses the Net.
19:09 of 2nd period - Wrist shot by Nicholas Caamano.
19:09 of 2nd period - Shot Misses the Net.
19:15 of 2nd period - Slapshot by Nick Suzuki.
19:15 of 2nd period - Shot Misses the Net.
19:17 of 2nd period - Snap shot by Michael McLeod.
19:17 of 2nd period - Stopped by Garret Sparks with a rebound.
19:29 of 2nd period - Gianluca Curcuruto is hit by Nick Suzuki and loses puck.
19:34 of 2nd period - Snap shot by Brady Tkachuk.
19:34 of 2nd period - Shot Misses the Net.
19:48 of 2nd period - Snap shot by Nicholas Caamano.
19:48 of 2nd period - Shot Blocked by Nick Suzuki.
19:54 of 2nd period - Gianluca Curcuruto is hit by Alexander Romanov and loses puck.
Goals for this period are 3 for Bears vs 0 for Rockets.
Shots for this period are 16 for Bears vs 4 for Rockets.
3rd period
0:01 of 3rd period - Jake Evans wins face-off versus Sam Carrick in neutral zone.
0:23 of 3rd period - Icing by Logan Stanley.
0:24 of 3rd period - Jake Evans wins face-off versus Tanner Laczynski in Rockets zone.
0:33 of 3rd period - Slapshot by Michael Prapavessis.
0:33 of 3rd period - Deflect By Cole Smith.
0:33 of 3rd period - Shot Misses the Net.
0:33 of 3rd period - Puck is out of play.
0:34 of 3rd period - Nick Suzuki wins face-off versus Kerby Rychel in Rockets zone.
1:57 of 3rd period - Wrist shot by Brady Tkachuk.
1:57 of 3rd period - Stopped by Garret Sparks without a rebound.
1:58 of 3rd period - Jake Evans wins face-off versus Tanner Laczynski in Bears zone.
2:03 of 3rd period - Snap shot by Matias Maccelli.
2:03 of 3rd period - Shot Misses the Net.
2:05 of 3rd period - Wrist shot by Matias Maccelli.
2:05 of 3rd period - Stopped by Garret Sparks without a rebound.
2:06 of 3rd period - Jake Evans wins face-off versus Tanner Laczynski in Bears zone.
2:07 of 3rd period - Slapshot by Patrik Laine.
2:07 of 3rd period - Shot Misses the Net.
2:09 of 3rd period - Slapshot by Logan Stanley.
2:09 of 3rd period - Deflect By Jake Evans.
2:09 of 3rd period - Stopped by Garret Sparks with a rebound.
2:11 of 3rd period - Wrist shot by Jake Evans.
2:11 of 3rd period - Shot Hit the Post.
2:13 of 3rd period - Wrist shot by Matias Maccelli.
2:13 of 3rd period - Deflect By Jake Evans.
2:13 of 3rd period - Shot Misses the Net.
2:13 of 3rd period - Puck is out of play.
2:14 of 3rd period - Jake Evans wins face-off versus Tanner Laczynski in Bears zone.
2:27 of 3rd period - Wrist shot by Mason Appleton.
2:27 of 3rd period - Stopped by Ivan Fedotov with a rebound.
2:29 of 3rd period - Slapshot by Tommy Vannelli.
2:29 of 3rd period - Deflect By Tanner Laczynski.
2:29 of 3rd period - Stopped by Ivan Fedotov with a rebound.
2:46 of 3rd period - Wrist shot by Nicholas Caamano.
2:46 of 3rd period - Shot Misses the Net.
2:48 of 3rd period - Slapshot by Isaac Ratcliffe.
2:48 of 3rd period - Stopped by Ivan Fedotov with a rebound.
4:02 of 3rd period - Tage Thompson is hit by Michael Prapavessis.
4:08 of 3rd period - Snap shot by Kevin Rooney.
4:08 of 3rd period - Stopped by Ivan Fedotov with a rebound.
4:53 of 3rd period - Gianluca Curcuruto is hit by Patrik Laine and loses puck.
5:31 of 3rd period - Snap shot by Ryan Graves.
5:31 of 3rd period - Shot Hit the Post.
6:54 of 3rd period - Snap shot by Tage Thompson.
6:54 of 3rd period - Deflect By Kirill Marchenko.
6:54 of 3rd period - Stopped by Garret Sparks without a rebound.
6:55 of 3rd period - Sam Carrick wins face-off versus Jake Evans in Bears zone.
7:10 of 3rd period - Sam Carrick is hit by Matias Maccelli and loses puck.
7:40 of 3rd period - Ryan Graves is hit by Alexander Romanov and loses puck.
7:56 of 3rd period - Minor Penalty to Kevin Fiala for High sticking.
7:57 of 3rd period - Sam Carrick wins face-off versus Michael McLeod in Rockets zone.
8:22 of 3rd period - Michael McLeod is hit by Cole Smith and loses puck.
9:56 of 3rd period - Penalty to Kevin Fiala is over, Kevin Fiala is back on ice.
9:59 of 3rd period - Brady Tkachuk is hit by Mikko Vainonen and loses puck.
10:57 of 3rd period - Off-side.
10:58 of 3rd period - Kevin Rooney wins face-off versus Kirby Dach in neutral zone.
11:25 of 3rd period - Cole Smith is hit by Jake Evans and loses puck.
11:42 of 3rd period - Blake Speers is hit by Jayden Struble and loses puck.
11:55 of 3rd period - Brady Tkachuk is hit by Gianluca Curcuruto and loses puck.
12:16 of 3rd period - Snap shot by Jerry D'Amigo.
12:16 of 3rd period - Stopped by Ivan Fedotov without a rebound.
12:17 of 3rd period - Tanner Laczynski wins face-off versus Jake Evans in Rockets zone.
12:30 of 3rd period - Wrist shot by Tanner Laczynski.
12:30 of 3rd period - Stopped by Ivan Fedotov with a rebound.
12:32 of 3rd period - Snap shot by Tanner Laczynski.
12:32 of 3rd period - Stopped by Ivan Fedotov without a rebound.
12:33 of 3rd period - Sam Carrick wins face-off versus Nick Suzuki in Rockets zone.
12:36 of 3rd period - Slapshot by Kerby Rychel.
12:36 of 3rd period - Shot Misses the Net.
12:44 of 3rd period - Tommy Vannelli is hit by Michael McLeod and loses puck.
12:59 of 3rd period - Sam Carrick is hit by Alex Newhook and loses puck.
13:14 of 3rd period - Cole Caufield is hit by Kerby Rychel and loses puck.
13:32 of 3rd period - Penalty Shot by Alexander Romanov for Rockets.
13:32 of 3rd period - Deke by Alexander Romanov.
13:32 of 3rd period - Shot Misses the Net.
13:33 of 3rd period - Jake Evans wins face-off versus Tanner Laczynski in Rockets zone.
14:31 of 3rd period - Alex Newhook is hit by Gianluca Curcuruto.
14:51 of 3rd period - Slapshot by Tage Thompson.
14:51 of 3rd period - Goal by Tage Thompson - Bears : 4 - Rockets : 2.
14:52 of 3rd period - Sam Carrick wins face-off versus Jake Evans in neutral zone.
15:03 of 3rd period - Wrist shot by Kerby Rychel.
15:03 of 3rd period - Stopped by Ivan Fedotov without a rebound.
15:04 of 3rd period - Sam Carrick wins face-off versus Kevin Fiala in Rockets zone.
15:11 of 3rd period - Slapshot by Sam Carrick.
15:11 of 3rd period - Stopped by Ivan Fedotov without a rebound.
15:12 of 3rd period - Sam Carrick wins face-off versus Kevin Fiala in Rockets zone.
15:13 of 3rd period - Snap shot by Kerby Rychel.
15:13 of 3rd period - Stopped by Ivan Fedotov with a rebound.
15:25 of 3rd period - Snap shot by Sam Carrick.
15:25 of 3rd period - Stopped by Ivan Fedotov without a rebound.
15:26 of 3rd period - Sam Carrick wins face-off versus Nick Suzuki in Rockets zone.
15:33 of 3rd period - Slapshot by Kerby Rychel.
15:33 of 3rd period - Stopped by Ivan Fedotov without a rebound.
15:34 of 3rd period - Nick Suzuki wins face-off versus Sam Carrick in Rockets zone.
16:01 of 3rd period - Wrist shot by Tanner Laczynski.
16:01 of 3rd period - Deflect By Cole Smith.
16:01 of 3rd period - Shot Blocked by Moritz Seider.
16:01 of 3rd period - Puck is out of play.
16:02 of 3rd period - Kirby Dach wins face-off versus Tanner Laczynski in Rockets zone.
16:12 of 3rd period - Slapshot by Tanner Laczynski.
16:12 of 3rd period - Shot Misses the Net.
16:14 of 3rd period - Snap shot by Mason Appleton.
16:14 of 3rd period - Stopped by Ivan Fedotov with a rebound.
16:16 of 3rd period - Snap shot by Emil Johansson.
16:16 of 3rd period - Shot Blocked by Jacob Bryson.
16:18 of 3rd period - Slapshot by Emil Johansson.
16:18 of 3rd period - Stopped by Ivan Fedotov without a rebound.
16:19 of 3rd period - Sam Carrick wins face-off versus Cole Caufield in Rockets zone.
16:34 of 3rd period - Wrist shot by Alex Newhook.
16:34 of 3rd period - Deflect By Jerry D'Amigo.
16:34 of 3rd period - Stopped by Garret Sparks without a rebound.
16:35 of 3rd period - Nick Suzuki wins face-off versus Tanner Laczynski in Bears zone.
17:08 of 3rd period - Jerry D'Amigo is hit by Alex Newhook and loses puck.
17:29 of 3rd period - Tage Thompson is hit by Gianluca Curcuruto and loses puck.
17:58 of 3rd period - Snap shot by Nick Suzuki.
17:58 of 3rd period - Stopped by Garret Sparks without a rebound.
17:59 of 3rd period - Sam Carrick wins face-off versus Brady Tkachuk in Bears zone.
18:10 of 3rd period - Backhand shot by Sam Carrick.
18:10 of 3rd period - Goal by Sam Carrick - Bears : 5 - Rockets : 2.
18:11 of 3rd period - Jake Evans wins face-off versus Sam Carrick in neutral zone.
18:18 of 3rd period - Snap shot by Jake Evans.
18:18 of 3rd period - Stopped by Garret Sparks with a rebound.
18:20 of 3rd period - Snap shot by Matias Maccelli.
18:20 of 3rd period - Shot Blocked by Kerby Rychel.
18:22 of 3rd period - Snap shot by Patrik Laine.
18:22 of 3rd period - Goal by Patrik Laine - Bears : 5 - Rockets : 3.
18:23 of 3rd period - Sam Carrick wins face-off versus Kevin Fiala in neutral zone.
18:32 of 3rd period - Snap shot by Jerry D'Amigo.
18:32 of 3rd period - Shot Hit the Post.
18:55 of 3rd period - Michael McLeod is hit by Cole Smith and loses puck.
19:33 of 3rd period - Snap shot by Tanner Laczynski.
19:33 of 3rd period - Shot Misses the Net.
19:35 of 3rd period - Snap shot by Isaac Ratcliffe.
19:35 of 3rd period - Stopped by Ivan Fedotov with a rebound.
19:50 of 3rd period - Off-side.
19:51 of 3rd period - Isaac Ratcliffe wins face-off versus Jake Evans in neutral zone.
19:51 of 3rd period - Isaac Ratcliffe is hit by Kevin Fiala.
19:55 of 3rd period - Snap shot by Mason Appleton.
19:55 of 3rd period - Shot Blocked by Kevin Fiala.
Goals for this period are 1 for Bears vs 2 for Rockets.
Shots for this period are 16 for Bears vs 9 for Rockets.